[Event "Turkish Championship 2023"]
[Site "Kemer Antalya"]
[Date "2023.12.02"]
[Round "1"]
[White "Yilmazyerli, Mert"]
[Black "Tirpan, Ceren"]
[Result "1-0"]
[ECO "E17"]
[WhiteElo "2524"]
[BlackElo "1940"]
[Annotator "ChessBase"]
[PlyCount "75"]
[EventDate "2023.12.01"]
[EventType "tourn"]
[EventCountry "TUR"]
[SourceTitle "playchess.com"]
[Source "ChessBase"]
[SourceQuality "1"]
[TimeControl "40/5400+30:1800+30"]

1. d4 Nf6 2. c4 e6 3. Nf3 b6 4. g3 Bb7 5. Bg2 Be7 6. O-O O-O 7. Re1 d5 8. cxd5 exd5 9. Nc3 Ne4 10. Bf4 Nxc3 11. bxc3 Nc6 12. Qd3 Na5 13. h4 h6 14. Ne5 Bd6 15. Rad1 Nc4 16. Qf5 Nb2 17. Rd2 Na4 18. Qc2 b5 19. Rb1 c6 20. e4 Rc8 21. Re2 a6 22. Bd2 c5 23. exd5 cxd4 24. Nc6 Bxc6 25. dxc6 Bxg3 26. cxd4 Bc7 27. Bb4 Bd6 28. d5 Bxb4 29. Rxb4 Qd6 30. Rg4 Rfd8 31. Re3 Qf6 32. Reg3 Nb6 33. Rxg7+ Qxg7 34. Rxg7+ Kxg7 35. Qc3+ Kg8 36. Qg3+ Kh8 37. Qe5+ Kg8 38. d6 1-0

[Event "Turkish Championship 2023"]
[Site "Kemer Antalya"]
[Date "2023.12.02"]
[Round "1"]
[White "Tarhan, Adar"]
[Black "Isik, Alparslan"]
[Result "1/2-1/2"]
[ECO "B31"]
[WhiteElo "2434"]
[BlackElo "2452"]
[Annotator "ChessBase"]
[PlyCount "120"]
[EventDate "2023.12.01"]
[EventType "tourn"]
[EventCountry "TUR"]
[SourceTitle "playchess.com"]
[Source "ChessBase"]
[SourceQuality "1"]
[TimeControl "40/5400+30:1800+30"]

1. e4 c5 2. Nf3 Nc6 3. Bb5 g6 4. Bxc6 bxc6 5. O-O Bg7 6. c3 Nf6 7. Re1 O-O 8. d4 cxd4 9. cxd4 d6 10. h3 Nd7 11. Nc3 c5 12. Be3 Bb7 13. Rc1 Rc8 14. Qd2 Re8 15. Bh6 Bh8 16. d5 Qa5 17. Bf4 c4 18. e5 dxe5 19. Nxe5 Nb6 20. d6 exd6 21. Ng4 Bg7 22. Rxe8+ Rxe8 23. Re1 Rxe1+ 24. Qxe1 Be5 25. Nxe5 dxe5 26. Bxe5 Qc5 27. Bf4 Qc6 28. f3 Qe6 29. Qd2 Nd7 30. Kh2 a6 31. Qd4 f6 32. Nd1 Qd5 33. Qa7 Qc6 34. Ne3 Qb6 35. Qxb6 Nxb6 36. Bd6 Bc8 37. Bc5 Na4 38. Bd4 Be6 39. Bxf6 Nc5 40. Kg1 Kf7 41. Bd4 Nd3 42. Kf1 c3 43. Bxc3 Bxa2 44. Ke2 Nf4+ 45. Kd2 Nd5 46. Nc2 g5 47. Be5 Bc4 48. Ke1 Ke6 49. Bb8 Nb6 50. Ba7 Nd5 51. Kf2 Bd3 52. Nd4+ Ke5 53. Nb3 Nf4 54. h4 h6 55. g3 Ne6 56. h5 Bc2 57. Nc5 Nxc5 58. Bxc5 g4 59. Bf8 gxf3 60. Bxh6 Kf5 1/2-1/2

[Event "Turkish Championship 2023"]
[Site "Kemer Antalya"]
[Date "2023.12.02"]
[Round "1"]
[White "Eren, Ataberk"]
[Black "Gunduz, Umut Erdem"]
[Result "1/2-1/2"]
[ECO "D37"]
[WhiteElo "2429"]
[BlackElo "2318"]
[Annotator "ChessBase"]
[PlyCount "97"]
[EventDate "2023.12.01"]
[EventType "tourn"]
[EventCountry "TUR"]
[SourceTitle "playchess.com"]
[Source "ChessBase"]
[SourceQuality "1"]
[TimeControl "40/5400+30:1800+30"]

1. d4 d5 2. c4 e6 3. Nc3 a6 4. cxd5 exd5 5. Nf3 Nf6 6. Bg5 Be6 7. e3 Nbd7 8. Bd3 Bd6 9. O-O c6 10. Bf4 Qc7 11. Bxd6 Qxd6 12. Qb3 O-O 13. a4 Bg4 14. Rfc1 Bxf3 15. gxf3 c5 16. dxc5 Nxc5 17. Qa3 Nfe4 18. Nxe4 dxe4 19. Rxc5 Qg6+ 20. Kf1 exd3 21. Rd1 Rad8 22. Rc3 d2 23. Ke2 Qh5 24. Rd3 Rxd3 25. Qxd3 Qxh2 26. Rxd2 Qc7 27. Qd5 Rc8 28. f4 h6 29. b3 Re8 30. Qd7 Re7 31. Qd5 Re8 32. Qd7 Re7 33. Qd5 a5 34. Qd8+ Qxd8 35. Rxd8+ Kh7 36. Rd5 b6 37. f5 Re4 38. Kd3 Rb4 39. Kc3 f6 40. f3 h5 41. f4 h4 42. Rd1 Kh6 43. Rg1 Re4 44. Kd3 Re7 45. Ke2 Rc7 46. Kf3 Rc3 47. Rg4 Kh7 48. Rxh4+ Kg8 49. Ke4 1/2-1/2

[Event "Turkish Championship 2023"]
[Site "Kemer Antalya"]
[Date "2023.12.02"]
[Round "1"]
[White "Bicer, Atakan Mert"]
[Black "Tuncer, Ufuk"]
[Result "1/2-1/2"]
[ECO "B94"]
[WhiteElo "2318"]
[BlackElo "2360"]
[Annotator "ChessBase"]
[PlyCount "133"]
[EventDate "2023.12.01"]
[EventType "tourn"]
[EventCountry "TUR"]
[SourceTitle "playchess.com"]
[Source "ChessBase"]
[SourceQuality "1"]
[TimeControl "40/5400+30:1800+30"]

1. e4 c5 2. Nf3 d6 3. d4 cxd4 4. Nxd4 Nf6 5. Nc3 a6 6. Bg5 Nbd7 7. Qe2 h6 8. Bh4 g6 9. O-O-O e5 10. Nb3 Be7 11. f3 b5 12. a3 Qc7 13. Kb1 Bb7 14. Bf2 Rc8 15. Qe3 Kf8 16. Be2 Kg7 17. Rhf1 Rhd8 18. Rfe1 Nh5 19. Qd2 Nhf6 20. Bf1 Nc5 21. Qe3 h5 22. Rd2 Kg8 23. Red1 Ncd7 24. Nc1 Bf8 25. h3 Bc6 26. N1a2 Rb8 27. Nb4 Bb7 28. g4 Rdc8 29. Bh4 a5 30. Nxb5 Qc5 31. Qxc5 Rxc5 32. Na2 hxg4 33. hxg4 d5 34. b4 axb4 35. axb4 Rcc8 36. exd5 Ne8 37. Na3 Nd6 38. c4 Ba6 39. Rc2 e4 40. fxe4 Nxe4 41. Be1 Ne5 42. Rd4 Nd6 43. Bg3 Re8 44. Be2 Nd7 45. Bf4 f6 46. Kc1 g5 47. Bh2 Re3 48. Nb1 Ne5 49. b5 Bc8 50. Nac3 Rh3 51. Bf1 Rh4 52. Bxe5 fxe5 53. Rd1 Bxg4 54. Re1 Bf5 55. Rg2 Bxb1 56. Kxb1 Nxc4 57. Rxg5+ Kf7 58. Rf5+ Kg6 59. Bd3 e4 60. Rxf8 Rxf8 61. Nxe4 Ne5 62. Bc2 Kh6 63. Nd6 Rb4+ 64. Kc1 Nf3 65. Re6+ Kg5 66. Bd3 Ra8 67. Re4 1/2-1/2

[Event "Turkish Championship 2023"]
[Site "Kemer Antalya"]
[Date "2023.12.02"]
[Round "1"]
[White "Taspinar, Yanki"]
[Black "Metin, Enis"]
[Result "1/2-1/2"]
[ECO "A46"]
[WhiteElo "2318"]
[BlackElo "2031"]
[Annotator "ChessBase"]
[PlyCount "123"]
[EventDate "2023.12.01"]
[EventType "tourn"]
[EventCountry "TUR"]
[SourceTitle "playchess.com"]
[Source "ChessBase"]
[SourceQuality "1"]
[TimeControl "40/5400+30:1800+30"]

1. d4 Nf6 2. Nf3 e6 3. Bg5 h6 4. Bh4 b6 5. e3 Bb7 6. Nbd2 Be7 7. c3 O-O 8. Bd3 d6 9. Bxf6 Bxf6 10. Qe2 c5 11. O-O Nc6 12. Ne4 Be7 13. Rad1 d5 14. Ng3 cxd4 15. exd4 Bd6 16. Rfe1 Qc7 17. Bb1 Rae8 18. Ne5 f5 19. Nxc6 Bxc6 20. Nf1 Ba4 21. Bc2 Bxc2 22. Qxc2 b5 23. Qb3 a6 24. Re2 Qc6 25. Nd2 a5 26. a3 b4 27. cxb4 axb4 28. a4 Ra8 29. Rde1 Rfe8 30. Ra1 Qa6 31. Ree1 Bf4 32. Nf3 Qc4 33. Qd1 b3 34. g3 Bd6 35. Re3 Rxa4 36. Rc1 Qb5 37. Rxb3 Rb4 38. Rxb4 Qxb4 39. Qe2 Qb6 40. Ra1 Qc7 41. Ra6 f4 42. Kg2 fxg3 43. hxg3 Qd7 44. Qc2 Rd8 45. Qd3 Qb7 46. Qe2 Qf7 47. b4 Bxb4 48. Ne5 Qb7 49. Rxe6 Bd6 50. Qh5 Bxe5 51. Qxe5 Qf7 52. Re7 Qg6 53. Kh3 Rf8 54. Qxd5+ Kh7 55. f4 Rf5 56. Re5 Rxe5 57. Qxe5 Qb1 58. Kg2 Qc2+ 59. Kf3 Qd1+ 60. Kg2 Qc2+ 61. Kg1 Qd1+ 62. Kg2 1/2-1/2

[Event "Turkish Championship 2023"]
[Site "Kemer Antalya"]
[Date "2023.12.03"]
[Round "2"]
[White "Yilmazyerli, Mert"]
[Black "Bicer, Atakan Mert"]
[Result "1-0"]
[ECO "E16"]
[WhiteElo "2524"]
[BlackElo "2318"]
[Annotator "TA"]
[PlyCount "105"]
[EventDate "2023.12.01"]
[EventType "tourn"]
[EventCountry "TUR"]
[SourceTitle "playchess.com"]
[Source "ChessBase"]
[SourceQuality "1"]
[TimeControl "40/5400+30:1800+30"]

1. d4 Nf6 2. c4 e6 3. Nf3 b6 4. g3 Bb7 5. Bg2 c5 6. d5 exd5 7. cxd5 {[%emt 0:02:30] E16: Queen's Indian: 4 g3 Bb7 5 Bg2 Bb4+.} g6 (7... Nxd5 $2 8. Nh4 $18) (7... Bxd5 $11 8. O-O Be7) 8. e4 d6 9. O-O {[%emt 0:04:30] White is better.} Bg7 10. Nc3 O-O {[%emt 0:00:30] [#]} 11. e5 $1 dxe5 12. Nxe5 {[%emt 0:00:30] [#]} Na6 $146 ({Predecessor:} 12... Nxd5 13. Re1 Nd7 14. Bxd5 Bxd5 15. Nxd7 Bxc3 16. Qxd5 {1-0 Yilmaz,M (2636)-Gadimbayli,A (2404) EU-ch 20th Skopje 2019 (2)}) 13. Nc6 {[%emt 0:03:30] White has more active pieces. The black rooks are badly placed.} Qd7 14. Bg5 h6 15. Bf4 (15. Bxf6 $14 Bxf6 16. Qa4) 15... Rfe8 (15... Nb4 $11 {keeps the balance.}) 16. Qb3 $16 Nc7 {[%emt 0:18:26] [#] White now steadily converts the win.} (16... Nb4 $14) 17. Ne5 $1 $18 Qc8 18. Rad1 {[%emt 0:06:30] Strongly threatening d6.} (18. d6 $6 Ne6 19. Nd5 Nd7 $16) 18... Rd8 {[%emt 0:09:08] [#]} (18... b5 {might work better.} 19. d6 (19. Nxb5 Nxb5 20. Qxb5 Ba6 $15) 19... c4 20. Bxb7 Qxb7 21. Nxc4 {[%mdl 64] Pin} Ne6 22. Qxb5 Qxb5 23. Nxb5 Nxf4) 19. Nxf7 $1 Kxf7 (19... c4 20. Qxc4) 20. Bxc7 {[%emt 0:00:00] aiming for d6+.} c4 21. Qxc4 {[%emt 0:00:00] Black must now prevent d6+.} Ba6 {[%emt 0:00:22] [#]} 22. Qc6 Bxf1 23. Kxf1 (23. Bxd8 $6 Bxg2 24. Qxc8 (24. Kxg2 Qxd8 25. Qb7+ Kg8 $17) 24... Rxc8 $16) 23... Qf5 $2 (23... Qd7 24. d6 Qxc6 25. Bxc6 Nd7) 24. d6 (24. Bxd8 Rxd8 25. d6 Kg8 $18) 24... Rac8 25. Qb7 Kg8 26. Bxd8 ({Less strong is} 26. Qxa7 Rf8 27. Qxb6 Kh7 $18) 26... Rxd8 27. Qxa7 Nd7 28. Qb7 Kh7 29. Qe4 Qc5 30. Qc6 Qf5 31. Qd5 Qf6 32. Rd2 Ne5 33. h3 {[%emt 0:02:35] Dodges Ng4} Qf5 34. Kg1 Qf8 35. Be4 Nd7 36. Qd3 Ne5 37. Qd5 Nd7 $1 38. Bc2 Qf6 39. Ne4 {[%emt 0:00:41] Prevents Qg5} Qxb2 {[%emt 0:00:38] [#]} (39... Qf8 $142 40. Nc3 Qf6) 40. Ng5+ $1 hxg5 {[%emt 0:00:30] [#]} 41. Bxg6+ $1 {[%emt 0:30:30][%mdl 576] Discovered Attack} Kxg6 42. Rxb2 Bxb2 43. h4 Bf6 44. hxg5 Bxg5 45. f4 Bf6 46. g4 Nc5 {[%emt 0:02:30] [#]} 47. a4 $1 Nd7 (47... Kg7 48. a5) 48. g5 Bg7 49. Qe4+ {[%emt 0:00:00] White mates.} Kh5 50. Qh7+ Kg4 51. Qxg7 Kg3 52. Qc3+ Kxf4 53. Qc7 {[%emt 0:00:00] Magnificent play by Yilmazyerli!   Weighted Error Value: White=0.34/Black=0.48} 1-0

[Event "Turkish Championship 2023"]
[Site "Kemer Antalya"]
[Date "2023.12.03"]
[Round "2"]
[White "Tuncer, Ufuk"]
[Black "Eren, Ataberk"]
[Result "1/2-1/2"]
[ECO "B11"]
[WhiteElo "2360"]
[BlackElo "2429"]
[Annotator "RC"]
[PlyCount "128"]
[EventDate "2023.12.01"]
[EventType "tourn"]
[EventCountry "TUR"]
[SourceTitle "playchess.com"]
[Source "ChessBase"]
[SourceQuality "1"]
[TimeControl "40/5400+30:1800+30"]

1. e4 c6 2. Nc3 d5 3. Nf3 Bg4 4. h3 Bxf3 5. Qxf3 e6 6. Be2 Bc5 7. Qg3 Bd4 8. d3 Nd7 9. O-O Ne7 10. Bd1 Be5 11. f4 Bd4+ 12. Kh1 O-O 13. Ne2 Bb6 14. c3 Qc7 15. Bc2 Rad8 16. Qf3 c5 17. f5 c4 18. Bf4 e5 19. Bh2 Nf6 20. d4 dxe4 21. Bxe4 Nxe4 22. Qxe4 Qc6 23. Qg4 Nd5 24. Bxe5 f6 25. Bf4 Rfe8 26. Ng3 Rd7 27. Rae1 Rde7 28. Nh5 Nxf4 29. Rxe7 Rxe7 30. Nxf4 Bc7 31. Ne6 Qd6 32. Nxc7 Qxc7 33. Qf3 Qd6 34. Kg1 b5 35. a3 Kf7 36. Kf2 g6 37. Re1 Rxe1 38. fxg6+ hxg6 39. Kxe1 a6 40. Kd1 Qh2 41. Qb7+ Kg8 42. Qe4 Qg1+ 43. Kc2 f5 44. Qe2 Kf8 45. Qf3 Ke7 46. Qg3 Qf1 47. Qf3 Qe1 48. g3 Kd6 49. h4 Kc7 50. Qf4+ Kd7 51. Qf3 Kc7 52. Qg2 Kd6 53. a4 b4 54. cxb4 Qxb4 55. Qf3 Qxa4+ 56. Kc1 Qa1+ 57. Kc2 Qa4+ 58. Kc1 Qa1+ 59. Kc2 Qa4+ 60. Kb1 Qb3 61. Qf4+ Kd7 62. Ka1 Qd1+ 63. Ka2 Qb3+ 64. Ka1 Qd1+ 1/2-1/2

[Event "Turkish Championship 2023"]
[Site "Kemer Antalya"]
[Date "2023.12.03"]
[Round "2"]
[White "Gunduz, Umut Erdem"]
[Black "Taspinar, Yanki"]
[Result "1/2-1/2"]
[ECO "C56"]
[WhiteElo "2318"]
[BlackElo "2318"]
[Annotator "RC"]
[PlyCount "84"]
[EventDate "2023.12.01"]
[EventType "tourn"]
[EventCountry "TUR"]
[SourceTitle "playchess.com"]
[Source "ChessBase"]
[SourceQuality "1"]
[TimeControl "40/5400+30:1800+30"]

1. e4 e5 2. Nf3 Nc6 3. d4 exd4 4. Bc4 Nf6 5. e5 Ne4 6. O-O Be7 7. c3 d5 8. Bb3 dxc3 9. Bxd5 cxb2 10. Bxb2 Nc5 11. Bxc6+ bxc6 12. Nd4 Ne6 13. Nxc6 Qxd1 14. Rxd1 Bc5 15. Ba3 Bd7 16. Bxc5 Bxc6 17. Ba3 Ba4 18. Rd2 Rd8 19. Rxd8+ Kxd8 20. Nc3 Bc6 21. Rd1+ Kc8 22. Bc1 Rd8 23. Rxd8+ Nxd8 24. f4 Bd7 25. Kf2 Be6 26. Be3 Nc6 27. a3 a6 28. Ne4 h5 29. Kg3 Ne7 30. Nc5 Nf5+ 31. Kf2 Bc4 32. Bd2 g6 33. g3 Nd4 34. Bc3 Ne6 35. Ne4 Kd7 36. f5 gxf5 37. Nf6+ Ke7 38. Nxh5 c5 39. h4 Nc7 40. Ng7 Bd3 41. h5 Nd5 42. h6 f4 1/2-1/2

[Event "Turkish Championship 2023"]
[Site "Kemer Antalya"]
[Date "2023.12.03"]
[Round "2"]
[White "Metin, Enis"]
[Black "Tarhan, Adar"]
[Result "0-1"]
[ECO "C78"]
[WhiteElo "2031"]
[BlackElo "2434"]
[Annotator "RC"]
[PlyCount "178"]
[EventDate "2023.12.01"]
[EventType "tourn"]
[EventCountry "TUR"]
[SourceTitle "playchess.com"]
[Source "ChessBase"]
[SourceQuality "1"]
[TimeControl "40/5400+30:1800+30"]

1. e4 e5 2. Nf3 Nc6 3. Bb5 a6 4. Ba4 Nf6 5. O-O b5 6. Bb3 Bc5 7. c3 d6 8. d4 Bb6 9. a4 Bg4 10. Bg5 Bxf3 11. Qxf3 exd4 12. axb5 Ne5 13. Qd1 h6 14. Bxf6 Qxf6 15. cxd4 Bxd4 16. Nc3 Bxc3 17. bxc3 O-O 18. bxa6 Nd7 19. Qd4 Nc5 20. Bc4 Ra7 21. e5 Qxe5 22. Qxe5 dxe5 23. Ra5 Ne4 24. Re1 Nd6 25. Bd5 Rb8 26. g3 Rb6 27. Rea1 c6 28. Bg2 f6 29. Rd1 Nb5 30. Rd8+ Kf7 31. Bxc6 Rxc6 32. Rxb5 Rcxa6 33. Rd2 Rc6 34. Rc2 Rac7 35. Rb3 g5 36. Kg2 Kg6 37. Kf3 h5 38. h3 Rc4 39. Ke3 Kf5 40. f3 g4 41. fxg4+ hxg4 42. h4 Re4+ 43. Kf2 Rc6 44. Re2 Rec4 45. Re3 Ra6 46. Re2 Rd6 47. Ke3 Kg6 48. Rd2 Re4+ 49. Kxe4 Rxd2 50. Rb8 Re2+ 51. Kd5 Kf5 52. c4 Rd2+ 53. Kc6 Rd3 54. c5 Rxg3 55. Kd7 Rd3+ 56. Ke7 Rc3 57. Kd6 e4 58. c6 e3 59. c7 g3 60. c8=Q+ Rxc8 61. Rxc8 g2 62. Rc1 Kg4 63. Rg1 Kg3 64. h5 Kf2 65. Rb1 g1=Q 66. Rxg1 Kxg1 67. h6 e2 68. h7 e1=Q 69. h8=Q Qe5+ 70. Kc6 Qe4+ 71. Kd7 f5 72. Qa1+ Kf2 73. Qb2+ Kf3 74. Qb3+ Qe3 75. Qd5+ Kg4 76. Qg2+ Qg3 77. Qe2+ Qf3 78. Qc4+ f4 79. Qg8+ Kh3 80. Qh8+ Kg3 81. Qe5 Qe3 82. Qg5+ Kf2 83. Qh4+ Qg3 84. Qh7 f3 85. Qc2+ Kg1 86. Qd1+ Kh2 87. Kd8 Qg5+ 88. Ke8 f2 89. Qc2 Kg1 0-1

[Event "Turkish Championship 2023"]
[Site "Kemer Antalya"]
[Date "2023.12.03"]
[Round "2"]
[White "Tirpan, Ceren"]
[Black "Isik, Alparslan"]
[Result "1/2-1/2"]
[ECO "E15"]
[WhiteElo "1940"]
[BlackElo "2452"]
[Annotator "RC"]
[PlyCount "163"]
[EventDate "2023.12.01"]
[EventType "tourn"]
[EventCountry "TUR"]
[SourceTitle "playchess.com"]
[Source "ChessBase"]
[SourceQuality "1"]
[TimeControl "40/5400+30:1800+30"]

1. Nf3 d5 2. c4 e6 3. g3 Nf6 4. Bg2 Be7 5. O-O O-O 6. b3 b6 7. Bb2 Bb7 8. d4 Nbd7 9. Nbd2 a5 10. a3 c5 11. Ne5 Qc7 12. Nxd7 Qxd7 13. Rc1 Rac8 14. cxd5 exd5 15. dxc5 bxc5 16. Bxf6 Bxf6 17. Nc4 Qe6 18. Nxa5 Ba8 19. Qd2 c4 20. bxc4 dxc4 21. Bxa8 c3 22. Qd5 Rxa8 23. Qxe6 fxe6 24. Nc4 Ra4 25. Nb6 Rxa3 26. Nd7 Rd8 27. Nxf6+ gxf6 28. Rc2 Rb3 29. Rfc1 Rc8 30. Kg2 Kf7 31. Kf3 e5 32. Ke3 f5 33. f3 Rc6 34. Kd3 Rh6 35. e3 Ra3 36. Rb1 Ra7 37. Rb4 Rd6+ 38. Kxc3 Ra3+ 39. Rb3 Rc6+ 40. Kb2 Ra2+ 41. Kxa2 Rxc2+ 42. Rb2 Rc1 43. f4 Re1 44. fxe5 Rxe3 45. Rf2 Kg6 46. Kb2 Rxe5 47. Kc3 Kg5 48. Kd3 h5 49. Rf4 Re1 50. Kd2 Re5 51. Kd3 Kf6 52. Rh4 Kg6 53. Rf4 Re1 54. Kd2 Rh1 55. Rh4 Ra1 56. Ke3 Ra2 57. Kf3 Kg5 58. Ke3 Ra3+ 59. Kf2 Rb3 60. Kg2 Rb2+ 61. Kg1 Kg6 62. Rf4 Rb8 63. Kg2 Kf6 64. Rh4 Rb2+ 65. Kg1 Kg5 66. Rf4 Re2 67. Rf2 Re4 68. Kg2 Kg4 69. Rf1 h4 70. gxh4 f4 71. h3+ Kf5 72. Ra1 Re2+ 73. Kf3 Re3+ 74. Kg2 Rg3+ 75. Kh2 Rd3 76. Kg2 Rc3 77. Ra4 Rb3 78. Rc4 Rg3+ 79. Kh2 Rg8 80. Ra4 Rd8 81. Kg2 Rd3 82. Rb4 1/2-1/2

[Event "Turkish Championship 2023"]
[Site "Kemer Antalya"]
[Date "2023.12.04"]
[Round "3"]
[White "Isik, Alparslan"]
[Black "Metin, Enis"]
[Result "1-0"]
[ECO "A09"]
[WhiteElo "2452"]
[BlackElo "2031"]
[Annotator "RC"]
[PlyCount "79"]
[EventDate "2023.12.01"]
[EventType "tourn"]
[EventCountry "TUR"]
[SourceTitle "playchess.com"]
[Source "ChessBase"]
[SourceQuality "1"]
[TimeControl "40/5400+30:1800+30"]

1. Nf3 d5 2. c4 d4 3. b4 f6 4. Bb2 e5 5. a3 a5 6. c5 axb4 7. axb4 Rxa1 8. Bxa1 Qd5 9. Qc2 Nc6 10. e4 dxe3 11. Bc4 exf2+ 12. Kxf2 Nxb4 13. Qa4+ b5 14. cxb6+ Qd7 15. Qb3 Nh6 16. Re1 Kd8 17. d4 cxb6 18. dxe5 Bc5+ 19. Kf1 Ng4 20. exf6 Rf8 21. h3 Nxf6 22. Rd1 Nfd5 23. Bxd5 Ba6+ 24. Ke1 Qe7+ 25. Be6+ Nd3+ 26. Rxd3+ Bxd3 27. Qxd3+ Kc7 28. Qc4 b5 29. Be5+ Kb6 30. Qe4 Re8 31. Bb3 Qa7 32. Nbd2 Re7 33. Ke2 Bd6 34. Qd4+ Bc5 35. Qd8+ Ka6 36. Ne4 Qb6 37. Qc8+ Ka5 38. Nxc5 Kb4 39. Nd3+ Kxb3 40. Qc3+ 1-0

[Event "Turkish Championship 2023"]
[Site "Kemer Antalya"]
[Date "2023.12.04"]
[Round "3"]
[White "Tarhan, Adar"]
[Black "Gunduz, Umut Erdem"]
[Result "1/2-1/2"]
[ECO "B32"]
[WhiteElo "2434"]
[BlackElo "2318"]
[Annotator "RC"]
[PlyCount "85"]
[EventDate "2023.12.01"]
[EventType "tourn"]
[EventCountry "TUR"]
[SourceTitle "playchess.com"]
[Source "ChessBase"]
[SourceQuality "1"]
[TimeControl "40/5400+30:1800+30"]

1. e4 c5 2. Nf3 Nc6 3. d4 cxd4 4. Nxd4 e5 5. Nb5 d6 6. c4 g6 7. N1c3 a6 8. Na3 Be6 9. Nc2 Nf6 10. Be2 Bg7 11. O-O O-O 12. Be3 Rc8 13. Qd2 Ne7 14. b3 b5 15. cxb5 Qc7 16. Bc4 Bxc4 17. b6 Qb7 18. bxc4 Rxc4 19. Na3 Nxe4 20. Nxe4 Rxe4 21. Qxd6 Rg4 22. f3 Nf5 23. Qc7 Qd5 24. Qc5 Nxe3 25. Qxd5 Rxg2+ 26. Kh1 Nxd5 27. Kxg2 Ne3+ 28. Kf2 Nxf1 29. Kxf1 e4 30. Rb1 exf3 31. Nc4 Bh6 32. b7 Bf4 33. h3 g5 34. Kf2 f5 35. Kxf3 Bb8 36. Rb6 g4+ 37. hxg4 fxg4+ 38. Kg2 Kg7 39. Rxa6 h5 40. Ne3 Rf7 41. Rb6 Rf3 42. Rb3 Kg6 43. Nxg4 1/2-1/2

[Event "Turkish Championship 2023"]
[Site "Kemer Antalya"]
[Date "2023.12.04"]
[Round "3"]
[White "Eren, Ataberk"]
[Black "Yilmazyerli, Mert"]
[Result "1/2-1/2"]
[ECO "B90"]
[WhiteElo "2429"]
[BlackElo "2524"]
[Annotator "RC"]
[PlyCount "41"]
[EventDate "2023.12.01"]
[EventType "tourn"]
[EventCountry "TUR"]
[SourceTitle "playchess.com"]
[Source "ChessBase"]
[SourceQuality "1"]
[TimeControl "40/5400+30:1800+30"]

1. e4 c5 2. Nf3 d6 3. d4 cxd4 4. Nxd4 Nf6 5. Nc3 a6 6. h3 Nc6 7. Be3 e5 8. Nb3 Be6 9. f4 exf4 10. Bxf4 d5 11. exd5 Nxd5 12. Nxd5 Qxd5 13. Qxd5 Bxd5 14. O-O-O O-O-O 15. Bd3 Bd6 16. Bf5+ Kc7 17. Bg5 Be7 18. Bf4+ Bd6 19. Bg5 Be7 20. Bf4+ Bd6 21. Bg5 1/2-1/2

[Event "Turkish Championship 2023"]
[Site "Kemer Antalya"]
[Date "2023.12.04"]
[Round "3"]
[White "Bicer, Atakan Mert"]
[Black "Tirpan, Ceren"]
[Result "0-1"]
[ECO "E16"]
[WhiteElo "2318"]
[BlackElo "1940"]
[Annotator "RC"]
[PlyCount "92"]
[EventDate "2023.12.01"]
[EventType "tourn"]
[EventCountry "TUR"]
[SourceTitle "playchess.com"]
[Source "ChessBase"]
[SourceQuality "1"]
[TimeControl "40/5400+30:1800+30"]

1. d4 Nf6 2. c4 e6 3. Nf3 b6 4. g3 Bb7 5. Bg2 Bb4+ 6. Bd2 Be7 7. d5 exd5 8. Nd4 Ne4 9. cxd5 Nxd2 10. Qxd2 O-O 11. O-O Bf6 12. Nc3 d6 13. Rac1 Nd7 14. b4 a6 15. Nc6 Bxc6 16. dxc6 Bxc3 17. Qxc3 Nf6 18. e4 Qe7 19. Rfe1 a5 20. b5 Qe5 21. Qd3 Rfe8 22. f4 Qb2 23. a3 a4 24. Rb1 Qa2 25. h3 h5 26. Bf3 Qe6 27. Kg2 h4 28. g4 Nh7 29. g5 Nf8 30. Bg4 Qe7 31. Qd5 Ne6 32. Kf3 Rad8 33. Rbd1 Nc5 34. g6 Qf6 35. Bh5 Kh8 36. Qxf7 Qc3+ 37. Re3 Qc2 38. Rde1 Qh2 39. Qd5 Ne6 40. f5 Ng5+ 41. Kg4 Nxe4 42. Qd4 Qg2+ 43. Kf4 Qg5+ 44. Kf3 Qxh5+ 45. Kg2 Qg5+ 46. Kh1 Ng3+ 0-1

[Event "Turkish Championship 2023"]
[Site "Kemer Antalya"]
[Date "2023.12.04"]
[Round "3"]
[White "Taspinar, Yanki"]
[Black "Tuncer, Ufuk"]
[Result "0-1"]
[ECO "E71"]
[WhiteElo "2318"]
[BlackElo "2360"]
[Annotator "RC"]
[PlyCount "59"]
[EventDate "2023.12.01"]
[EventType "tourn"]
[EventCountry "TUR"]
[SourceTitle "playchess.com"]
[Source "ChessBase"]
[SourceQuality "1"]
[TimeControl "40/5400+30:1800+30"]

1. d4 Nf6 2. c4 g6 3. Nc3 Bg7 4. e4 d6 5. h3 e5 6. d5 a5 7. Bg5 Na6 8. Bd3 h6 9. Be3 Nd7 10. Nge2 Bf6 11. f3 Nac5 12. Bc2 Bg5 13. Bf2 h5 14. h4 Bh6 15. a3 O-O 16. Rb1 Nb6 17. b3 Bd7 18. b4 axb4 19. axb4 Nca4 20. Nxa4 Nxa4 21. Bd3 Qe7 22. Qc2 Rfc8 23. O-O c5 24. dxc6 Bxc6 25. Qb3 Qc7 26. Ra1 Bd7 27. Ra3 Nb6 28. Rxa8 Nxa8 29. Nc3 Be6 30. Nd5 0-1

[Event "Turkish Championship 2023"]
[Site "Kemer Antalya"]
[Date "2023.12.05"]
[Round "4"]
[White "Yilmazyerli, Mert"]
[Black "Taspinar, Yanki"]
[Result "1-0"]
[ECO "E11"]
[WhiteElo "2524"]
[BlackElo "2318"]
[Annotator "RC"]
[PlyCount "99"]
[EventDate "2023.12.01"]
[EventType "tourn"]
[EventCountry "TUR"]
[SourceTitle "playchess.com"]
[Source "ChessBase"]
[SourceQuality "1"]
[TimeControl "40/5400+30:1800+30"]

1. d4 Nf6 2. c4 e6 3. Nf3 Bb4+ 4. Nbd2 b6 5. a3 Bxd2+ 6. Bxd2 Bb7 7. Bf4 d6 8. e3 Nbd7 9. Be2 O-O 10. h3 Qe7 11. O-O Ne4 12. Bh2 Ndf6 13. Qc2 c5 14. b4 Rac8 15. Qb2 Rfd8 16. Rfd1 h6 17. a4 cxb4 18. Qxb4 a5 19. Qa3 Ba6 20. Rdc1 Qb7 21. Qb2 Rc6 22. Rc2 Rdc8 23. Rac1 Qa7 24. Bf1 Ng5 25. Nd2 Qd7 26. Nb3 Nge4 27. f3 Ng5 28. h4 Ngh7 29. Nd2 Qb7 30. e4 d5 31. cxd5 Rxc2 32. Rxc2 Rxc2 33. Qxc2 Bxf1 34. Nxf1 exd5 35. Qc7 Qa8 36. e5 Ne8 37. Qxb6 Nf8 38. Bg3 Ne6 39. f4 g6 40. h5 N8g7 41. hxg6 fxg6 42. Ne3 Kh7 43. Kh2 h5 44. f5 gxf5 45. Nxf5 Qe8 46. Nxg7 Kxg7 47. Bh4 Qd7 48. Qd6 Nf8 49. Qxd7+ Nxd7 50. Bd8 1-0

[Event "Turkish Championship 2023"]
[Site "Kemer Antalya"]
[Date "2023.12.05"]
[Round "4"]
[White "Tuncer, Ufuk"]
[Black "Tarhan, Adar"]
[Result "1/2-1/2"]
[ECO "B11"]
[WhiteElo "2360"]
[BlackElo "2434"]
[Annotator "RC"]
[PlyCount "61"]
[EventDate "2023.12.01"]
[EventType "tourn"]
[EventCountry "TUR"]
[SourceTitle "playchess.com"]
[Source "ChessBase"]
[SourceQuality "1"]
[TimeControl "40/5400+30:1800+30"]

1. e4 c6 2. Nc3 d5 3. Nf3 Bg4 4. h3 Bh5 5. exd5 cxd5 6. Bb5+ Nc6 7. g4 Bg6 8. Ne5 Qc7 9. d4 e6 10. Qe2 Bb4 11. Bf4 Qb6 12. O-O Nge7 13. a3 Bxc3 14. bxc3 Qa5 15. Bxc6+ Nxc6 16. Nxc6 bxc6 17. Bd6 h5 18. Rab1 Qd8 19. Bc5 hxg4 20. Qa6 Rc8 21. Rb7 gxh3 22. Kh2 Rc7 23. Qxa7 Rxb7 24. Qxb7 Bxc2 25. Qxc6+ Qd7 26. Qa8+ Qd8 27. Qc6+ Qd7 28. Qa8+ Qd8 29. Qc6+ Qd7 30. Qa8+ Qd8 31. Qc6+ 1/2-1/2